 Dungeon Crawl Stone Soup version 0.31-a0-1616-gbeaec30b81 (webtiles) character file.

Game seed: 978364166547228479

185 Inarius the Sneak (level 5, -3/36 HPs)
             Began as an Octopode Fighter on Jan 10, 2024.
             Slain by Edmund
             ... wielding a +1 heavy dire flail
              (17 damage)
             ... on level 4 of the Dungeon.
             The game lasted 00:02:24 (2322 turns).

Inarius the Sneak (Octopode Fighter)                Turns: 2322, Time: 00:02:25

Health: -3/36      AC:  1    Str: 20    XL:     5   Next: 64%
Magic:  5/5        EV: 13    Int: 10    God:
Gold:   55         SH:  4    Dex: 11    Spells: 4/4 levels left

rFire   . . .        m - +7 rapier of Sudden Death {freeze, rElec Str+2 SInv}
rCold   . . .        b - +0 buckler
rNeg    . . .        (helmet restricted)
rPois   .            o - amulet of faith
rElec   +            (no ring)
rCorr   .            (no ring)
SInv    +            (no ring)
Will    .....        (no ring)
Stlth   ++++         (no ring)
HPRegen 0.26/turn    (no ring)
MPRegen 0.09/turn    (no ring)
                     (no ring)

%: faith
@: no status effects
A: almost no armour, amphibious, 8 rings, camouflage 1, gelatinous body 1,
(nimble swimmer 1), tentacles
a: no special abilities


You were on level 4 of the Dungeon.
You visited 1 branch of the dungeon, and saw 4 of its levels.

You collected 178 gold pieces.
You spent 123 gold pieces at shops.

Inventory:

Hand Weapons
 a - a +0 war axe
 m - the +7 rapier of Sudden Death (weapon) {freeze, rElec Str+2 SInv}
   (You found it on level 2 of the Dungeon)

   Str+2:     It affects your strength (+2).
   rElec:     It insulates you from electricity.
   SInv:      It lets you see invisible.
Armour
 b - a +0 buckler (worn)
Jewellery
 o - an amulet of faith (around mantle)
Scrolls
 d - a scroll of amnesia {unknown}
 f - a scroll of silence {unknown}
 h - 3 scrolls of fog {unknown}
 j - 2 scrolls of poison {unknown}
 k - 4 scrolls of identify {unknown}
 l - a scroll of revelation {unknown}
 q - a scroll of torment {unknown}
 r - a scroll of brand weapon
 s - a scroll of immolation {unknown}
Potions
 c - 2 potions of might
 e - a potion of curing {unknown}
 g - a potion of attraction {unknown}
 i - 2 potions of degeneration {unknown}
 n - a potion of lignification {unknown}
 p - a potion of ambrosia {unknown}
 t - a potion of haste {unknown}


   Skills:
 + Level 3.4 Fighting
 * Level 3.1 Axes
 + Level 3.4 Dodging
 + Level 5.0 Stealth
 + Level 3.3 Shields


You had 4 spell levels left.
You didn't know any spells.
Your spell library contained the following spells:

 Spells                   Type           Power      Damage    Failure   Level
 Apportation              Tloc           0%         N/A       43%         1
 Necrotise                Necr           0%         1d4       43%         1
 Sting                    Conj/Alch      0%         1d3       43%         1
 Summon Small Mammal      Summ           0%         N/A       43%         1
 Cigotuvi's Dreadful Rot  Necr/Alch/Air  0%         N/A       56%         2
 Martyr's Knell           Necr/Summ      0%         N/A       99%         4
 Irradiate                Conj/Alch      0%         3d11      100%        5
 Chain Lightning          Conj/Air       0%         N/A       100%        9
 Fire Storm               Conj/Fire      0%         5d1       100%        9
 Shatter                  Erth           0%         3d5*      100%        9


Dungeon Overview and Level Annotations

Branches:
Dungeon (4/15)
 Temple: D:4-7

Altars:
Hepliaklqana
Yredelemnul

Shops:
D:3 ?

Annotations:
D:4 Edmund


Innate Abilities, Weirdness & Mutations

You cannot wear most types of armour.
You are amphibious.
You can wear up to eight rings at the same time.
Your skin changes colour to match your surroundings (Stealth+).
Your rubbery body absorbs attacks. (AC +1, EV +1)
((You are camouflaged when in or above water. (Stealth+)))
You have tentacles for arms and can constrict up to eight enemies at once.


Message History

You kill the gnoll!
No target in view!
No target in view!
No target in view!
No target in view!
No target in view!
No target in view!
No target in view!
HP restored.
You see here a +0 club.
t - an amethyst potion An adder comes into view.
An adder is nearby!
An adder is nearby!
An adder is nearby!
The helpless adder fails to defend itself.
You impale the adder!!
The adder seems to slow down.
You freeze the adder.
You kill the adder!
Your Stealth skill increases to level 5!
You see here an adder corpse.
Edmund the Younger comes into view.
He is wielding a +1 heavy dire flail.
Edmund is nearby!
Edmund is nearby!
The helpless Edmund fails to defend himself.
You puncture Edmund! You freeze Edmund. Your grab misses Edmund.
Edmund is heavily wounded.
You block Edmund's attack.
You puncture Edmund! You freeze Edmund. Your grab misses Edmund.
Edmund is almost dead.
Edmund says, "Everyone always remembers my brother. 'Who's Edmund?' they ask!"
Edmund hits you with a +1 heavy dire flail!!
Ouch! That really hurt!
You are too injured to fight recklessly!
You are too injured to fight recklessly!
You are too injured to fight recklessly!
You hit Edmund but do no damage. Your grab misses Edmund.
Edmund is almost dead.
Edmund hits you with a +1 heavy dire flail!
You die...
Edmund says, "That'll show my brother!"

#.# #.#
#.# #.#
#.# #.#
#.# ...
#.# #..
#.# ##.##
#...######
#.@.......
#.@.#####.
#####


You could see Edmund.

Vanquished Creatures
  An orc priest (D:4)
  6 gnolls (D:4)
  2 adders
  2 dart slugs
  2 ribbon worms
  7 orcs
  6 bats
  7 endoplasms
  3 giant cockroaches
  5 goblins
  6 hobgoblins
  4 jackals (D:2)
  3 kobolds (D:1)
  A quokka (D:1)
  4 ball pythons
  5 frilled lizards
  A rat (D:2)
  A spectral orc (D:3)
66 creatures vanquished.

Notes
Turn   | Place    | Note
-------+----------+-------------------------------------------
     0 | D:1      | Inarius the Octopode Fighter began the quest for the Orb.
     0 | D:1      | Reached XP level 1. HP: 16/16 MP: 1/1
   135 | D:1      | Found a faded altar of an unknown god.
   216 | D:1      | Reached XP level 2. HP: 18/21 MP: 2/2
   478 | D:1      | Reached skill level 1 in Stealth
   920 | D:2      | Reached XP level 3. HP: 21/26 MP: 3/3
   927 | D:2      | Reached skill level 2 in Stealth
   962 | D:2      | Got the Textbook on the Massed Panacea
   991 | D:2      | Identified the +7 rapier of Sudden Death {freeze, rElec
                  | Str+2 SInv}
  1006 | D:2      | You fall into a shaft and drop 1 floor!
  1209 | D:2      | Reached skill level 3 in Stealth
  1209 | D:2      | Reached XP level 4. HP: 31/31 MP: 4/4
  1578 | D:3      | Found a hazy altar of Hepliaklqana.
  1854 | D:3      | Found a basalt altar of Yredelemnul.
  1964 | D:3      | Found The Oracle's Delphic Readings.
  1968 | D:3      | Bought a scroll of brand weapon for 123 gold pieces
  2037 | D:4      | Reached skill level 4 in Stealth
  2037 | D:4      | Reached XP level 5. HP: 36/36 MP: 5/5
  2284 | D:4      | Reached skill level 5 in Stealth
  2313 | D:4      | Noticed Edmund
  2322 | D:4      | Slain by Edmund

Illustrated notes

Levels and vault maps discovered:
D:1:      tarquinn_simple_flora_water_a, layout_loops_corners,
          shapermc_ecumenical_altar_petra
D:2:      layout_rooms
D:3:      layout_loops_cross, mainiacjoe_overflow_tiny_flanked,
          nicolae_hepliaklqana_monster_ancestors, nicolae_nh_oracle_at_delphi
D:4:      layout_loops_ring, grunt_ministairs_15,
          nicolae_twisty_statue_hallways, uniq_edmund, uniq_robin

Skill      XL: |  1  2  3  4  5 |
---------------+----------------+-----
Stealth        | 1 3 4 5 |  5.0
Axes           | 3 |  3.1
Fighting       | |  3.4
Dodging        | |  3.4
Shields        | |  3.3

Action                     |  1- 3 |  4- 6 || total
---------------------------+-------+-------++-------
  Melee: War axe           |    53 |       ||    53
         Constrict         |    17 |     5 ||    22
         Tentacles         |     8 |     1 ||     9
         Rapier            |    13 |    37 ||    50
   Stab: Sleeping          |    14 |    14 ||    28
 Armour: Skin              |    29 |     7 ||    36
  Dodge: Dodged            |    36 |    13 ||    49
  Block: Buckler           |    13 |     6 ||    19

Table legend: (Time is in decaauts)
 A = Elapsed time spent in this place.
 B = Non-inter-level travel time spent in this place.
 C = Inter-level travel time spent in this place.
 D = Time resting spent in this place.
 E = Time spent auto-exploring this place.
 F = Levels seen in this place.
 G = Mean time per level.
                   A        B        C        D        E       F      G
               +--------+--------+--------+--------+--------+-----+--------+
         Total |   2355 |   2252 |    103 |     23 |   1812 |   4 |  588.8 |
       Dungeon |   2355 |   2252 |    103 |     23 |   1812 |   4 |  588.8 |
               +--------+--------+--------+--------+--------+-----+--------+

Top non-repeatable levels by time:
     D:1: 928 daAuts
     D:3: 645 daAuts
     D:2: 484 daAuts
     D:4: 296 daAuts
